 Dungeon Crawl Stone Soup version 0.28-a0-261-gc0b50483a2 (webtiles) character file.

Game seed: 5976833950159044865

994 Froggeryz the Slicer (level 8, -4/52 HPs)
             Began as an Octopode Berserker on Aug 27, 2021.
             Was a Priest of Trog.
             Slain by an iron imp (8 damage)
             ... summoned by Eustachio
             ... on level 5 of the Dungeon.
             The game lasted 00:03:35 (3619 turns).

Froggeryz the Slicer (Octopode Berserker)           Turns: 3619, Time: 00:03:35

Health: -4/52      AC: -3    Str: 15 (16) XL:     8   Next: 19%
Magic:  8/8        EV: 14    Int:  6 (9)  God:    Trog [***...]
Gold:   107        SH:  0    Dex: 12 (14) Spells: 7/7 levels left

rFire   . . .      SeeInvis .   a - +0 short sword
rCold   . . .      Faith    .   (no shield)
rNeg    . . .      Spirit   .   (helmet restricted)
rPois   .          Reflect  .   h - amulet of regeneration
rElec   .          Harm     .   b - +4 ring of protection
rCorr   .          Rampage  .   (no ring)
Will    .....                   (no ring)
Stlth   ++++......              (no ring)
HPRegen 1.17/turn               (no ring)
MPRegen 0.11/turn               (no ring)
                                (no ring)
                                (no ring)

@: corroded
A: almost no armour, amphibious, 8 rings, camouflage 1, gelatinous body 1,
(nimble swimmer 1), tentacles
a: Renounce Religion, Berserk, Trog's Hand


You were on level 5 of the Dungeon.
You worshipped Trog.
Trog was most pleased with you.
You visited 1 branch of the dungeon, and saw 5 of its levels.

You collected 203 gold pieces.
You spent 96 gold pieces at shops.

Inventory:

Hand Weapons
 a - a +0 short sword (weapon)
Missiles
 l - 19 poisoned darts (quivered)
 p - a throwing net
Jewellery
 b - a +4 ring of protection (left tentacle)
 e - an amulet of reflection
 h - an amulet of regeneration (around mantle)
Wands
 n - a wand of acid (8)
Scrolls
 d - 3 scrolls of magic mapping
 i - a scroll of enchant weapon
 k - a scroll of summoning
 q - 2 scrolls of blinking {unknown}
 r - a scroll of fog {unknown}
 s - a scroll of identify
Potions
 c - a potion of haste {unknown}
 f - 3 potions of flight
 g - a potion of curing {unknown}
 j - a potion of might {unknown}
 m - a potion of degeneration
 o - a potion of heal wounds {unknown}


   Skills:
 - Level 3.0 Fighting
 * Level 8.1 Short Blades
 + Level 4.7 Dodging
 - Level 5.0 Stealth


You had 7 spell levels left.
You didn't know any spells.
Your spell library was empty.

Dungeon Overview and Level Annotations

Branches:
Dungeon (5/15)
 Temple: D:4-7

Altars:
Cheibriados
Gozag
Vehumet

Shops:
D:4 *

Annotations:
D:5 3 runed translucent doors, Edmund, Eustachio


Innate Abilities, Weirdness & Mutations

You cannot wear most types of armour.
You are amphibious.
You can wear up to eight rings at the same time.
Your skin changes colour to match your surroundings (Stealth+).
Your rubbery body absorbs attacks. (AC +1, EV +1)
((You are camouflaged near water. (Stealth+)))
You have tentacles for arms and can constrict up to eight enemies at once.


Message History

You hit the hound but do no damage.
The hound is lightly wounded.
You constrict the hound. The hound bites you.
The iron imp shouts, "Bolt, thou obnoxious nut-hook bootlicker!"
You hit the hound but do no damage.
The hound is moderately wounded.
You constrict the hound. The hound bites you.
You hit the hound but do no damage. You squeeze the hound.
The hound is severely wounded.
You constrict the hound. The hound misses you.
You hit the hound but do no damage. You squeeze the hound.
The hound is severely wounded.
You constrict the hound. The hound bites you. The quasit bites you.
The quasit closely misses you. x2; The iron imp closely misses you.
You hit the hound but do no damage.
You squeeze the hound, but do no damage.
The hound is almost dead.
You constrict the hound. The hound bites you.
* * * LOW HITPOINT WARNING * * *
The quasit closely misses you. The quasit claws you.
* * * LOW HITPOINT WARNING * * *
The quasit claws you.
* * * LOW HITPOINT WARNING * * *
You feel clumsy. The hound misses you.
You release your grip on the hound.
The hound completely misses you. The iron imp hits you.
* * * LOW HITPOINT WARNING * * *
Okay, then.
Okay, then.
It was a potion of degeneration.
There was something very wrong with that liquid.
You feel weakened.
You feel dopey.
You feel clumsy. The hound bites you.
* * * LOW HITPOINT WARNING * * *
The quasit bites you.
* * * LOW HITPOINT WARNING * * *
The quasit barely misses you. The quasit closely misses you.
The iron imp hits you!
You die...

≈≈≈#≈≈≈ .
..........###+++###
#≈≈≈≈≈≈ #.##.
?................
≈≈≈≈≈.
.....##..............#
≈≈≈≈##
.....................##
≈ #≈≈#
..........#...........#
w##
..........####<.......#
...........####.).....#
......@.....# #......##
......5@##..###.....##
......h5###†..<#..###
.....=..# #..#..#.#
.......=# ##..#...#
######### #..##### ####


You could see Eustachio, a hound, an iron imp (summoned) and a quasit
(summoned).

Vanquished Creatures
  Grinder (D:3)
  A black bear (D:4)
  An ogre (D:5)
  4 scorpions
  A howler monkey (D:4)
  A jelly (D:5)
  A hound (D:4)
  A gnoll shaman (D:4)
  A bullfrog skeleton (D:4)
  Jessica (D:3)
  An orc wizard (D:4)
  Robin (D:3)
  6 gnolls
  2 adders (D:2)
  A white imp (D:5)
  2 adder skeletons (D:4)
  4 worms (D:2)
  3 orcs
  8 endoplasms
  3 giant cockroaches
  15 goblins
  A hobgoblin (D:3)
  4 jackals (D:1)
  4 kobolds
  2 quokkas (D:2)
  2 ball pythons
  A bat (D:3)
  3 frilled lizards
  21 rats
97 creatures vanquished.

Notes
Turn   | Place    | Note
-------+----------+-------------------------------------------
     0 | D:1      | Froggeryz the Octopode Berserker began the quest for the
                  | Orb.
     0 | D:1      | Reached XP level 1. HP: 16/16 MP: 1/1
   198 | D:1      | Reached skill level 1 in Stealth
   198 | D:1      | Reached XP level 2. HP: 16/21 MP: 2/2
   619 | D:1      | Reached XP level 3. HP: 26/26 MP: 3/3
  1124 | D:2      | Reached skill level 4 in Short Blades
  1323 | D:2      | Reached XP level 4. HP: 21/31 MP: 4/4
  1742 | D:2      | Reached ** piety under Trog
  1895 | D:3      | Noticed Jessica
  1902 | D:3      | Killed Jessica
  1911 | D:3      | Found a snail-covered altar of Cheibriados.
  1950 | D:3      | Reached XP level 5. HP: 36/36 MP: 5/5
  1973 | D:3      | Found an opulent altar of Gozag.
  2097 | D:3      | Noticed Robin
  2122 | D:3      | Killed Robin
  2123 | D:3      | Reached skill level 5 in Short Blades
  2221 | D:3      | Noticed Grinder
  2232 | D:3      | Killed Grinder
  2233 | D:3      | Reached skill level 6 in Short Blades
  2233 | D:3      | Reached skill level 5 in Stealth
  2233 | D:3      | Reached XP level 6. HP: 42/42 MP: 6/6
  2446 | D:4      | Noticed a black bear
  2448 | D:4      | Found a radiant altar of Vehumet.
  2453 | D:4      | Killed a black bear
  2454 | D:4      | Reached XP level 7. HP: 46/46 MP: 7/7
  2935 | D:4      | Reached *** piety under Trog
  2936 | D:4      | Reached skill level 7 in Short Blades
  3383 | D:4      | Found Dugovexa's Assorted Antiques.
  3386 | D:4      | Bought a scroll labelled JOTUSUR POIME for 32 gold pieces
  3386 | D:4      | Bought a scroll labelled YFEDUR KIONOM for 32 gold pieces
  3386 | D:4      | Bought a scroll labelled JOTUSUR POIME for 32 gold pieces
  3492 | D:5      | Entered Level 5 of the Dungeon
  3493 | D:5      | Noticed Edmund
  3582 | D:5      | Found a runed translucent gate.
  3582 | D:5      | Found a runed translucent gate.
  3582 | D:5      | Found a runed translucent gate.
  3585 | D:5      | Reached XP level 8. HP: 52/52 MP: 8/8
  3598 | D:5      | Reached skill level 8 in Short Blades
  3606 | D:5      | Noticed Eustachio
  3619 | D:5      | Slain by an iron imp

Illustrated notes

Levels and vault maps discovered:
D:1:      lemuel_arrival_muddy, layout_loops_ring, minmay_split_cup_small
D:2:      layout_loops_ring, nrook_campfire, minmay_misc_feat_doors,
          minmay_rat_hole
D:3:      layout_basic, mainiacjoe_overflow_catwalk, lemuel_doored_altar,
          uniq_jessica, uniq_robin, uniq_grinder
D:4:      layout_loops_corners, vehumet_crystals, serial_shops,
          kennysheep_mini_moat, serial_forest, infiniplex_forest_lined_3,
          infiniplex_forest_clump_C, infiniplex_forest_lined_3_way,
          infiniplex_forest_lined_room_3, infiniplex_forest_clump_small,
          infiniplex_forest_zigzag_2, infiniplex_forest_lined_3,
          infiniplex_forest_clump_small, minmay_quadrilaterals
D:5:      kennysheep_slugbush, layout_rooms, grunt_temple_overflow_open,
          gammafunk_ghost_split, minmay_circle_x, uniq_eustachio, uniq_edmund

Skill      XL: |  1  2  3  4  5  6  7  8 |
---------------+-------------------------+-----
Stealth        | 1 2 3 5 |  5.0
Short Blades   | 4 6 7 8 |  8.1
Dodging        | 4 |  4.7
Fighting       | |  3.0

Action                   |  1- 3 |  4- 6 |  7- 9 || total
-------------------------+-------+-------+-------++-------
Melee: Short sword       |    53 |    97 |    59 ||   209
       Tentacles         |    14 |    10 |    10 ||    34
       Constrict         |    14 |    26 |    12 ||    52
       Unarmed           |       |       |     3 ||     3
Invok: Berserk           |       |     2 |     1 ||     3
       Trog's Hand       |       |     1 |       ||     1
  Use: Scroll            |     3 |     2 |     1 ||     6
       Potion            |       |       |     1 ||     1
 Stab: Sleeping          |     7 |     6 |     7 ||    20
Armor: Skin              |     8 |    13 |     3 ||    24
Dodge: Dodged            |    19 |    31 |    40 ||    90
Block: Other             |     1 |       |       ||     1

Table legend: (Time is in decaauts)
 A = Elapsed time spent in this place.
 B = Non-inter-level travel time spent in this place.
 C = Inter-level travel time spent in this place.
 D = Time resting spent in this place.
 E = Time spent auto-exploring this place.
 F = Levels seen in this place.
 G = Mean time per level.
                   A        B        C        D        E       F      G
               +--------+--------+--------+--------+--------+-----+--------+
         Total |   3605 |   3377 |    228 |     67 |   2713 |   5 |  721.0 |
       Dungeon |   3605 |   3377 |    228 |     67 |   2713 |   5 |  721.0 |
               +--------+--------+--------+--------+--------+-----+--------+

Top non-repeatable levels by time:
     D:4: 1196 daAuts
     D:1: 1101 daAuts
     D:2: 752 daAuts
     D:3: 512 daAuts
     D:5: 43 daAuts
